 Dungeon Crawl Stone Soup version 0.31-a0-740-g87205ac768 (webtiles) character file.

Game seed: 11187307012100328308

220 ytrimaz the Ruffian (level 5, -1/36 HPs)
             Began as an Octopode Shapeshifter on Sept 12, 2023.
             Slain by Grinder (6 damage)
             ... on level 4 of the Dungeon.
             The game lasted 00:03:59 (2601 turns).

ytrimaz the Ruffian (Octopode Shapeshifter)         Turns: 2601, Time: 00:04:00

Health: -1/36      AC:  1    Str: 14    XL:     5   Next: 97%
Magic:  5/5        EV: 13    Int: 12    God:
Gold:   189        SH:  5    Dex: 13    Spells: 4/4 levels left

rFire   . .          .
                       - Unarmed
rCold   . . .        (no shield)
rNeg    . . .        (helmet currently unavailable)
rPois   .            g - amulet of reflection
rElec   .            (no ring)
rCorr   .            (no ring)
SInv    .            (no ring)
Will    .....        (no ring)
Stlth   ++           (no ring)
HPRegen 0.26/turn    (no ring)
MPRegen 0.09/turn    (no ring)
                     (no ring)

%: reflection
@: beast-form
A: beast (slay +2), almost no armour, amphibious, 8 rings, camouflage 1,
gelatinous body 1, (nimble swimmer 1), tentacles
a: Begin Untransformation


You were on level 4 of the Dungeon.
You were a hulking beast.
You visited 1 branch of the dungeon, and saw 4 of its levels.

You collected 189 gold pieces.


Innate Abilities, Weirdness & Mutations

You are a hulking beast.
Your limbs bulge with bestial killing power. (Slay +2)
You cannot wear most types of armour.
You are amphibious.
You can wear up to eight rings at the same time.
Your skin changes colour to match your surroundings (Stealth+).
Your rubbery body absorbs attacks. (AC +1, EV +1)
((You are camouflaged when in or above water. (Stealth+)))
You have tentacles for arms and can constrict up to eight enemies at once.


   Skills:
 + Level 2.8 Fighting
 - Level 2.0 Dodging
 + Level 4.5 Unarmed Combat
 + Level 4.3 Shapeshifting


You had 4 spell levels left.
You didn't know any spells.
Your spell library contained the following spells:

 Spells                   Type           Power      Damage    Failure   Level
 Apportation              Tloc           0%         N/A       32%         1
 Necrotise                Necr           0%         1d4       32%         1
 Summon Small Mammal      Summ           0%         N/A       32%         1
 Gell's Gravitas          Tloc           0%         N/A       69%         3
 Teleport Other           Tloc           0%         N/A       69%         3
 Dispersal                Tloc           0%         N/A       100%        6

Inventory:

Missiles
 l - a throwing net
Jewellery
 a - a ring of ice
   (You found it on level 2 of the Dungeon)
 g - an amulet of reflection (around mantle)
   (You found it on level 2 of the Dungeon)
Talismans
 b - a beast talisman (active)
 c - a flux talisman
Scrolls
 d - a scroll of amnesia {unknown}
 e - a scroll of enchant armour {unknown}
 i - a scroll of enchant weapon {unknown}
 j - a scroll of poison {unknown}
 k - a scroll of immolation {unknown}
 m - a scroll of teleportation {unknown}
 n - a scroll of identify {unknown}
 o - a scroll of revelation {unknown}
 p - a scroll of noise {unknown}
Potions
 h - 2 potions of curing {unknown}

Dungeon Overview and Level Annotations

Branches:
Dungeon (4/15) Zot: 21413  Temple (0/1) D:4

Altars:
Elyvilon
Vehumet

Annotations:
D:3 1 runed translucent door, Crazy Yiuf
D:4 Grinder

.# .# ### .# ..# .#
#.# .# # #.#
#####.###...
###.####..h5......#
#.......)##h..##.#
#.#.######.†.##
#.#.## #.⌠.#
#.###...># #...#
#........# .....
######...# ⌠..>..⌠
##.## ....... #.#
###...###


You could see Grinder and a jackal.


Message History

You take 6 damage, and now have 23/52 hp.
You barely miss the orc priest.
The orc priest hits you but does no damage.
The orc wizard points at you and mumbles some strange words.
The magic dart hits you but does no damage.
You attack the rock wall.
Your transformation is almost over.
You feel less confused. You block the orc wizard's attack.
The orc priest barely misses you. 😨 HP[+1] Unknown command.
You hit the orc priest. You punch the orc priest.
You kill the orc priest!
The orc wizard hits you but does no damage.
You cannot move.
You cannot move.
Unknown command.
You cannot move.
You hit the orc wizard.
The orc wizard hits you with a +0 dagger.
* * * LOW HITPOINT WARNING * * *
😨 HP[-2]
You take 2 damage, and now have 22/52 hp.
You smack the orc wizard!
You kill the orc wizard! 😨 HP[+1]
You now have 54 max hp (+2).
You cannot move.
Unknown command.
You cannot move.
You feel less wooden.
You turn into a hulking beast. 😨 HP[-7]
You now have 36 max hp (-18).
Key pressed, stopping explore.
Unknown command. 😨 HP[+1] Key pressed, stopping explore.
Unknown command. 😮 HP[+9]
You regained 9 hp, and now have 26/36 hp.
Found a stone staircase leading down.
Things that are here:
a +0 dagger; a +0 robe; an orc corpse; 😎 HP[+10]
Your hp is fully restored (36).
Key pressed, stopping explore.
Unknown command.
You see here a +0 flail.
A jackal comes into view.
Found a staircase to the Ecumenical Temple.
Grinder, a ball python and 2 jackals come into view.
The jackal barks! x2
The jackal barely misses you.
You miss the jackal. Your grab misses the jackal.
Your squeeze misses the jackal. The jackal misses you.
Unknown command.
You tentacle-slap the jackal.
You kill the jackal!
The jackal misses you. The jackal closely misses you.
The jackal barely misses you. You block the jackal's attack.
You closely miss the jackal. Your grab misses the jackal.
The jackal bites you. 😕 HP[-3]
You take 3 damage, and now have 33/36 hp.
Unknown command.
You tentacle-slap the jackal but do no damage.
You grab the jackal. You constrict the jackal. The jackal misses you.
The jackal barely misses you.
You tentacle-slap the jackal but do no damage.
You constrict the jackal. The jackal closely misses you.
You tentacle-slap the jackal.
You kill the jackal! 😕 HP[+1] Unknown command.
You closely miss the ball python. You grab the ball python.
You squeeze the ball python.
You kill the ball python!
The jackal misses you. Grinder barely misses you.
The jackal bites you. 😕 HP[-1]
You take 1 damage, and now have 33/36 hp.
You bludgeon Grinder! Your grab misses Grinder. Your squeeze misses Grinder.
Grinder gestures at you. Pain shoots through your body! The jackal bites you.
* * * LOW HITPOINT WARNING * * *
You are too injured to fight recklessly! 😨 HP[-17]
You take 17 damage, and now have 16/36 hp.
MASSIVE DAMAGE!! (PAUSE)
You barely miss Grinder. You grab Grinder. You constrict Grinder.
The jackal barely misses you. Grinder hits you!
* * * LOW HITPOINT WARNING * * *
😱 HP[-7]
You take 7 damage, and now have 9/36 hp.
You are too injured to fight recklessly!
You tentacle-slap Grinder.
You constrict Grinder, but do no damage.
The jackal barely misses you. Grinder hits you.
* * * LOW HITPOINT WARNING * * *
You writhe in agony.
You die...
Grinder says, "Now the real fun starts!"

Skill      XL: |  1  2  3  4 |
---------------+-------------+-----
Unarmed Combat | 4 |  4.5
Fighting       | 2 |  2.8
Shapeshifting  | 4 |  4.3
Dodging        | |  2.0

Action                     |  1- 3 |  4- 6 || total
---------------------------+-------+-------++-------
  Melee: Unarmed           |    80 |   105 ||   185
         Constrict         |    23 |    16 ||    39
         Tentacles         |    11 |    14 ||    25
         Punch             |     4 |     2 ||     6
    Use: Potion            |     1 |     2 ||     3
   Stab: Sleeping          |     2 |     3 ||     5
         Distracted        |     1 |     1 ||     2
 Armour: Skin              |    53 |   106 ||   159
  Dodge: Dodged            |    76 |    50 ||   126
  Block: Other             |       |    17 ||    17

Levels and vault maps discovered:
D:1:      eino_arrival_tree_alley, layout_rooms, chequers_serial_rivers_micro_e,
          interstate_on_off
D:2:      layout_rooms, serial_bayou_pond_e, minmay_octomino_e4
D:3:      layout_basic, grunt_temple_overflow_open, uniq_terence, uniq_robin,
          uniq_crazy_yiuf_cottage
D:4:      layout_loops_corners, trog_butcher_becter,
          minmay_temple_entry_junction, serial_bayou_pond_a, minivault_19,
          uniq_grinder

Notes
Turn   | Place    | Note
-------+----------+-------------------------------------------
     0 | D:1      | ytrimaz the Octopode Shapeshifter began the quest for the
                  | Orb.
     0 | D:1      | Reached XP level 1. HP: 13/13 MP: 1/1
     0 | D:1      | magus.rc [v1.9.6]
    88 | D:1      | Reached XP level 2. HP: 15/18 MP: 2/2
   157 | D:1      | HP: 3/18 [hobgoblin (3)]
   158 | D:1      | HP: 1/18 [constriction (1)]
   408 | D:1      | Reached XP level 3. HP: 13/23 MP: 3/3
   852 | D:2      | Reached XP level 4. HP: 28/28 MP: 4/4
   865 | D:2      | HP: 7/29 [rat (1)]
   955 | D:2      | Reached skill level 4 in Unarmed Combat
  1449 | D:3      | Reached skill level 2 in Fighting
  1529 | D:3      | Noticed Terence
  1535 | D:3      | Killed Terence
  1536 | D:3      | Reached skill level 4 in Shapeshifting
  1536 | D:3      | Reached XP level 5. HP: 24/34 MP: 5/5
  1699 | D:3      | You add the spells Gell's Gravitas, Teleport Other and
                  | Dispersal to your library.
  1742 | D:3      | Found a runed translucent door.
  1743 | D:3      | Noticed Crazy Yiuf
  1796 | D:3      | Noticed Robin
  1810 | D:3      | Killed Robin
  1917 | D:3      | Found a white marble altar of Elyvilon.
  1924 | D:3      | Found a radiant altar of Vehumet.
  2094 | D:3      | You pick up a book of Cantrips and begin reading...
  2094 | D:3      | You add the spells Necrotise, Summon Small Mammal and
                  | Apportation to your library.
  2587 | D:4      | Found a staircase to the Ecumenical Temple.
  2588 | D:4      | Noticed Grinder
  2600 | D:4      | HP: 9/36 [Grinder (8)]
  2601 | D:4      | Slain by Grinder

Vanquished Creatures
  An orc priest (D:4)
  Terence (D:3)
  An orc wizard (D:4)
  Robin (D:3)
  3 adders (D:2)
  5 orcs
  7 ball pythons
  4 bats
  7 endoplasms
  A giant cockroach (D:1)
  11 goblins
  11 hobgoblins
  17 jackals
  2 quokkas (D:1)
  8 frilled lizards
  9 kobolds
  5 rats
94 creatures vanquished.

Table legend:
 A = Non-vault XP
 B = Vault XP
 C = Vault XP percentage of total XP
 D = Non-vault monster count
 E = Vault monster count
 F = Vault count percentage of total count
                 A         B        C        D         E       F
            +---------+---------+-------+---------+---------+-------
      Total |     219 |      96 |  30.5 |      73 |      21 |  22.3
            +---------+---------+-------+---------+---------+-------
        D:1 |      46 |       0 |   0.0 |      28 |       0 |   0.0
        D:2 |      58 |      22 |  27.5 |      22 |       7 |  24.1
        D:3 |      28 |      74 |  72.5 |      16 |      14 |  46.7
        D:4 |      87 |       0 |   0.0 |       7 |       0 |   0.0
            +---------+---------+-------+---------+---------+-------

Skill      XL: |  1  2  3  4 |
---------------+-------------+-----
Unarmed Combat | 4 |  4.5
Fighting       | 2 |  2.8
Shapeshifting  | 4 |  4.3
Dodging        | |  2.0

Action                     |  1- 3 |  4- 6 || total
---------------------------+-------+-------++-------
  Melee: Unarmed           |    80 |   105 ||   185
         Constrict         |    23 |    16 ||    39
         Tentacles         |    11 |    14 ||    25
         Punch             |     4 |     2 ||     6
    Use: Potion            |     1 |     2 ||     3
   Stab: Sleeping          |     2 |     3 ||     5
         Distracted        |     1 |     1 ||     2
 Armour: Skin              |    53 |   106 ||   159
  Dodge: Dodged            |    76 |    50 ||   126
  Block: Other             |       |    17 ||    17

Illustrated notes

Table legend:
 A = Kills in this place as a percentage of kills in the entire game.
 B = Kills by you in this place as a percentage of kills by you in the entire game.
 C = Kills by friends in this place as a percentage of kills by friends in the entire game.
 D = Other kills in this place as a percentage of other kills in the entire game.
 E = Experience gained in this place as a percentage of experience gained in the entire game.
 F = Experience gained in this place divided by the number of levels of this place that you have seen.
                   A       B       C       D       E      F
               +-------+-------+-------+-------+-------+----------------------
         Total | 100.0 | 100.0 |   N/A |   N/A | 100.0 |  78.8
       Dungeon | 100.0 | 100.0 |   N/A |   N/A | 100.0 |  78.8
               +-------+-------+-------+-------+-------+----------------------

Table legend: (Time is in decaauts)
 A = Elapsed time spent in this place.
 B = Non-inter-level travel time spent in this place.
 C = Inter-level travel time spent in this place.
 D = Time resting spent in this place.
 E = Time spent auto-exploring this place.
 F = Levels seen in this place.
 G = Mean time per level.
                   A        B        C        D        E       F      G
               +--------+--------+--------+--------+--------+-----+--------+
         Total |   2586 |   2499 |     87 |      0 |   2024 |   4 |  646.5 |
       Dungeon |   2586 |   2499 |     87 |      0 |   2024 |   4 |  646.5 |
               +--------+--------+--------+--------+--------+-----+--------+

Top non-repeatable levels by time:
     D:3: 1086 daAuts
     D:2: 769 daAuts
     D:1: 595 daAuts
     D:4: 134 daAuts
